 Dungeon Crawl Stone Soup version 0.28.0-47-ge53b351184 (webtiles) character file.

Game seed: 3689621044412395970

47 pkoi the Insei (level 3, -6/29 HPs)
             Began as a Demigod Gladiator on May 3, 2022.
             Killed by nerve-wracking pain
             ... invoked by Jessica
              (10 damage)
             ... on level 2 of the Dungeon.
             The game lasted 00:02:10 (2496 turns).

pkoi the Insei (Demigod Gladiator)                  Turns: 2496, Time: 00:02:11

Health: -6/29      AC: 12    Str: 15    XL:     3   Next: 29%
Magic:  5/5        EV:  4    Int: 14    God:
Gold:   0          SH:  0    Dex: 13    Spells: 2/2 levels left

rFire   . . .      SeeInvis .     - Unarmed
rCold   . . .      Faith    .   (no shield)
rNeg    . . .      Spirit   .   e - +0 plate armour
rPois   .          Reflect  .   b - +0 helmet
rElec   .          Harm     .   (no cloak)
rCorr   .          Rampage  .   g - +0 pair of gloves
Will    .....                   (no boots)
Stlth   ..........              (no amulet)
HPRegen 0.09/turn               (no ring)
MPRegen 0.09/turn               (no ring)

@: lethally poisoned (-6 -> -8)
A: high MP 1, forlorn, divine attributes, clumsy 1
a: no special abilities


You were on level 2 of the Dungeon.
You visited 1 branch of the dungeon, and saw 2 of its levels.

Inventory:

Hand Weapons
 d - a +0 short sword
 h - a +0 dagger
Missiles
 c - 2 throwing nets
 i - 6 boomerangs (quivered)
Armour
 a - a +0 leather armour
 b - a +0 helmet (worn)
 e - a +0 plate armour (worn)
 g - a +0 pair of gloves (worn)
Potions
 f - a potion of attraction {unknown}


   Skills:
 - Level 2.0 Fighting
 - Level 1.7 Throwing
 - Level 2.6 Dodging
 * Level 4.0 Unarmed Combat


You had 2 spell levels left.
You didn't know any spells.
Your spell library was empty.

Dungeon Overview and Level Annotations

Branches:
Dungeon (2/15)

Shops:
D:2 :

Annotations:
D:2 Jessica


Innate Abilities, Weirdness & Mutations

You have an increased reservoir of magic. (+10% MP)
You shall have no god before yourself.
Your divine heritage dramatically boosts your attributes as you level up.
You are clumsy. (Dex -2)


Message History

You kill the kobold!
Jessica casts a spell at you. Pain shoots through your body!
* * * LOW HITPOINT WARNING * * *
Jessica hits you but does no damage.
You are poisoned.
You hit Jessica but do no damage.
* * * LOW HITPOINT WARNING * * *
You feel very sick. Jessica gestures at you while chanting.
You resist with some effort.
You closely miss Jessica.
You feel sick.
Jessica casts a spell.
Jessica blinks!
You feel sick.
You feel sick.
Throw: 6 boomerangs
Press: ? - help, Q - select action, (/) - cycle Shift-Dir - straight line, f - Jessica
Aim: Jessica, wielding a +1 dagger of venom and wearing a +0 robe (57% to hit)
You throw a boomerang. The boomerang hits Jessica.
Jessica is moderately wounded.
You feel sick.
Throw: 6 boomerangs
Press: ? - help, Q - select action, (/) - cycle Shift-Dir - straight line, f/p - Jessica
Aim: Jessica, wielding a +1 dagger of venom and wearing a +0 robe (moderately wounded, 57% to hit)
You throw a boomerang. The boomerang hits Jessica.
Jessica is almost dead.
You feel sick. Jessica gestures at you while chanting.
Pain shoots through your body!
* * * LOW HITPOINT WARNING * * *
Throw: 3 throwing nets
Press: ? - help, Shift-Dir - straight line, f/p - Jessica
Aim: Jessica, wielding a +1 dagger of venom and wearing a +0 robe (almost dead, 57% to hit)
You throw a throwing net. The throwing net hits Jessica.
Jessica is caught in the net!
Jessica is almost dead.
Jessica gestures at you while chanting. Pain shoots through your body!
You die...

### #.###########
## #............
.. #.###########
#. #.# #. #.# #.
#.#
#.####.#######.##
........@@.....>#
......)#######..#
##.....
#..########
#.....
#..#......#
#.....
#..#.####.#
#.....
#..#.####.#
#.....
#..#.#..#.#
#.....
#..#....#.#
#..#.##.#.###


You could see Jessica (caught).

Vanquished Creatures
  2 adders (D:2)
  3 ball pythons
  A bat (D:2)
  2 endoplasms
  A giant cockroach (D:1)
  A goblin (D:1)
  5 hobgoblins
  4 jackals (D:1)
  3 kobolds
  A frilled lizard (D:1)
23 creatures vanquished.

Notes
Turn   | Place    | Note
-------+----------+-------------------------------------------
     0 | D:1      | pkoi the Demigod Gladiator began the quest for the Orb.
     0 | D:1      | Reached XP level 1. HP: 17/17 MP: 3/3
    70 | D:1      | Reached skill level 3 in Unarmed Combat
   370 | D:1      | Reached XP level 2. HP: 17/24 MP: 4/4
   371 | D:1      | Gained mutation: You are clumsy. (Dex -2) [potion of
                  | mutation]
  1493 | D:2      | Found Ytaiteradgh's Book Boutique.
  1590 | D:2      | Reached XP level 3. HP: 27/29 MP: 5/5
  1715 | D:2      | Reached skill level 4 in Unarmed Combat
  2471 | D:2      | Noticed Jessica
  2496 | D:2      | Killed from afar by Jessica

Illustrated notes

Levels and vault maps discovered:
D:1:      heliophobic_arrival_henge, layout_basic,
          hellmonk_ecumenical_altar_arch_garden, kennysheep_pointless_box
D:2:      layout_basic, serial_shops, shop, uniq_jessica

Skill      XL: |  1  2  3 |
---------------+----------+-----
Unarmed Combat | 3 4 |  4.0
Fighting       | 2 |  2.0
Throwing       | |  1.7
Dodging        | |  2.6

Action                   || total
-------------------------++-------
Melee: Unarmed           ||    49
       Short sword       ||    50
       Punch             ||     3
Throw: Boomerang         ||     7
       Throwing net      ||     1
  Use: Potion            ||     2
Armor: Plate armour      ||    64
       Leather armour    ||     3
Dodge: Dodged            ||    27
